 Dungeon Crawl Stone Soup version 0.27-a0-906-g0a00ce863d (webtiles) character file.

Game seed: 705316847766664425

37 lunkers the Magician (level 3, -5/27 HPs)
             Began as a Djinni Earth Elementalist on Apr 6, 2021.
             Slain by Crazy Yiuf
             ... wielding a +4 quarterstaff of chaos
              (7 damage)
             ... on level 2 of the Dungeon.
             The game lasted 00:01:30 (2066 turns).

lunkers the Magician (Djinni Earth Elementalist)    Turns: 2066, Time: 00:01:30

Health: -5/27      AC:  2    Str:  7    XL:     3   Next: 39%
Gold:   83         EV: 12    Int: 17    God:
                   SH:  0    Dex: 13

rFire    + + .     SeeInvis .   (no weapon)
rCold    x . .     Faith    .   (no shield)
rNeg     . . .     Spirit   .   c - +0 robe
rPois    ∞         Reflect  .   (no helmet)
rElec    .         Harm     .   (no cloak)
rCorr    .         Rampage  .   (no gloves)
Will     .....                  (boots unavailable)
Stlth    ++........             (no amulet)
HPRegen  0.09/turn              (no ring)
MPRegen  0.00/turn              (no ring)

@: flying, hasted, very quick
A: fire resistance 2, cold vulnerability 1, float, innate caster, hp casting,
extra vitality 1
a: no special abilities


You were on level 2 of the Dungeon.
You visited 1 branch of the dungeon, and saw 2 of its levels.

You collected 83 gold pieces.

Inventory:

Missiles
 b - 9 stones
 k - 5 curare-tipped darts
Armour
 c - a +0 robe (worn)
Wands
 h - a wand of mindburst (16)
 m - a wand of paralysis (7)
Scrolls
 a - a scroll of enchant weapon {unknown}
 e - a scroll of amnesia {unknown}
 i - a scroll of silence {unknown}
 j - a scroll of immolation {unknown}
 l - a scroll of vulnerability {unknown}
Potions
 d - a potion of attraction {unknown}
 f - 2 potions of degeneration {unknown}
 g - 2 potions of flight {unknown}


   Skills:
 + Level 1.3 Fighting
 - Level 2.1 Dodging
 - Level 1.5 Stealth
 * Level 3.5 Spellcasting


You couldn't memorise any spells.
You knew the following spells:

 Your Spells              Type           Power      Damage    Failure   Level
a - Sandblast             Erth           28%        2d8       4%          1
b - Passwall              Tmut/Erth      11%        N/A       6%          2
c - Stone Arrow           Conj/Erth      28%        3d8       12%         3
d - Petrify               Tmut/Erth      14%        N/A       36%         4
e - Lee's Rapid Deconstr  Erth           7%         3d7*      73%         5
f - Sting                 Tmut/Pois      56%        1d5       4%          1
Your spell library was empty.

Dungeon Overview and Level Annotations

Branches:
Dungeon (2/15)

Altars:

Annotations:
D:2 Crazy Yiuf


Innate Abilities, Weirdness & Mutations

You are immune to poison.
Your flesh is very heat resistant. (rF++)
You are vulnerable to cold. (rC-)
You float through the air rather than walking.
You learn spells naturally, not from books.
Your magical power is your life essence.
You have superior vitality. (+4 HP)


Message History

Confirm with . or Enter, or press ? or * to list all spells.
The blast of sand hits the kobold!
You kill the kobold!
You now have 83 gold pieces (gained 15).
Found a mace.
Found a runed translucent door.
No target in view!
Crazy Yiuf shouts!
Crazy Yiuf grits, "Snoogle!
Ten green Hive."
m - a wand of paralysis (8) No target in view!
No target in view!
Key pressed, stopping explore.
No target in view!
Key pressed, stopping explore.
No target in view!
No target in view!
There is an escape hatch in the ceiling here.
There is a stone staircase leading down here.
Crazy Yiuf shouts!
Crazy Yiuf yells, "Blight arga infinity!"
Could not explore, unopened runed door.
Could not explore, unopened runed door.
You reach down and open the door.
Crazy Yiuf drinks a potion.
Crazy Yiuf goes berserk!
Unknown command.
Casting: Sandblast (safe; 4% risk of failure)
Confirm with . or Enter, or press ? or * to list all spells.
The blast of sand hits Crazy Yiuf.
Crazy Yiuf is lightly wounded.
Crazy Yiuf hits you with a +4 quarterstaff of chaos!!
Ouch! That really hurt!
* * * LOW HITPOINT WARNING * * *
You feel yourself speed up.
Unknown command.
Aiming: Paralyse
Press: ? - help, Shift-Dir - straight line, f/p - Crazy Yiuf
Aim: Crazy Yiuf, wielding a +4 quarterstaff of chaos, wearing a +0 cloak and carrying a wand of flame (7) (berserk, chance to affect: 54%) Crazy Yiuf resists with significant effort.
Crazy Yiuf hits you with a +4 quarterstaff of chaos!
You die...

###########.#
#.#.##
#...........#
#####.#.#
#.#########.#
#.......# #.# ###
#####.### #.#
###.# #
#.######## #.#.#
# #.##...#.###
### #...# #
#.......#..##...#
#.### #
#......####@g...#
#.########
##.#..## ###..)#
#......... ######
### #.####....
##.###.###
##.##.# # ###
##...# #
#.###.####
##.#.## ##.##


You could see Crazy Yiuf (berserk).

Vanquished Creatures
  A dart slug (D:1)
  2 endoplasms (D:1)
  3 goblins (D:1)
  3 hobgoblins (D:1)
  3 jackals
  6 kobolds
  4 quokkas
  4 ball pythons
  3 bats (D:1)
  A frilled lizard (D:1)
  A rat (D:1)
31 creatures vanquished.

Notes
Turn   | Place    | Note
-------+----------+-------------------------------------------
     0 | D:1      | lunkers the Djinni Earth Elementalist began the quest for
                  | the Orb.
     0 | D:1      | Reached XP level 1. HP: 15/15 MP: 0/0
   184 | D:1      | Found a faded altar of an unknown god.
   206 | D:1      | Reached skill level 3 in Spellcasting
   206 | D:1      | Reached XP level 2. HP: 19/22 MP: 0/0
   525 | D:1      | Reached skill level 1 in Fighting
   795 | D:1      | Reached XP level 3. HP: 26/27 MP: 0/0
   795 | D:1      | Learned a level 1 spell: Sting
  1826 | D:2      | Found a runed translucent door.
  1827 | D:2      | Noticed Crazy Yiuf
  2066 | D:2      | Slain by Crazy Yiuf

Illustrated notes

Levels and vault maps discovered:
D:1:      minmay_arrival_up_and_down, layout_basic, basic_ecumenical_altar,
          minmay_heptomino_h4
D:2:      layout_loops_ring, uniq_crazy_yiuf_cottage

Skill      XL: |  1  2 |
---------------+-------+-----
Spellcasting   | 3 |  3.5
Fighting       | 1 |  1.3
Dodging        | |  2.1
Stealth        | |  1.5

Action                   || total
-------------------------++-------
 Cast: Sandblast         ||    42
Evoke: Wand              ||     1
Dodge: Dodged            ||     4

Table legend: (Time is in decaauts)
 A = Elapsed time spent in this place.
 B = Non-inter-level travel time spent in this place.
 C = Inter-level travel time spent in this place.
 D = Time resting spent in this place.
 E = Time spent auto-exploring this place.
 F = Levels seen in this place.
 G = Mean time per level.
                   A        B        C        D        E       F      G
               +--------+--------+--------+--------+--------+-----+--------+
         Total |   2065 |   2029 |     36 |      0 |   1889 |   2 | 1032.5 |
       Dungeon |   2065 |   2029 |     36 |      0 |   1889 |   2 | 1032.5 |
               +--------+--------+--------+--------+--------+-----+--------+

Top non-repeatable levels by time:
     D:1: 1195 daAuts
     D:2: 870 daAuts
